 Dungeon Crawl Stone Soup version 0.31-a0-175-g9f7f995f2b (webtiles) character file.

Game seed: 9583468855221575629

1897 qw the Skirmisher (level 9, -4/82 HPs)
             Began as a Naga Hunter on June 16, 2023.
             Slain by an orc warrior
             ... wielding a +0 war axe
              (9 damage)
             ... on level 6 of the Dungeon.
             The game lasted 00:01:58 (4946 turns).

qw the Skirmisher (Naga Hunter)                     Turns: 4946, Time: 00:01:59

Health: -4/82      AC:  5    Str: 14    XL:     9   Next: 15%
Magic:  9/9        EV: 10    Int: 10    God:
Gold:   207        SH:  0    Dex: 18    Spells: 8/8 levels left

rFire   . . .        Y - +0 longbow
rCold   + + .        (shield currently unavailable)
rNeg    . . .        c - +0 leather armour
rPois   +            (no helmet)
rElec   .            e - +0 cloak
rCorr   .            (no gloves)
SInv    +            (no barding)
Will    +....        (no amulet)
Stlth   ++           f - ring of protection from cold
HPRegen 0.33/turn    g - ring of protection from cold
MPRegen 0.11/turn

%: no passive effects
@: lethally poisoned (-4 -> -7), about to teleport, short of breath, very slow
A: AC +3, large, see invisible, deformed body, poison resistance, slowness 2,
spit poison 1, naga tail 1
a: Spit Poison


You were on level 6 of the Dungeon.
You visited 1 branch of the dungeon, and saw 7 of its levels.

You collected 207 gold pieces.


Innate Abilities, Weirdness & Mutations

Your serpentine skin is tough. (AC +3)
You have supernaturally acute eyesight. (SInv)
Armour fits poorly on your strangely shaped body.
Your system is resistant to poisons. (rPois)
You cover ground very slowly.
You can spit poison.
You have a snake-like lower body.


   Skills:
 - Level 6.1 Fighting
 - Level 9.4 Ranged Weapons
 - Level 1.2 Armour
 + Level 2.9 Dodging
 - Level 1.5 Stealth


You had 8 spell levels left.
You didn't know any spells.
Your spell library was empty.

Inventory:

Hand Weapons
 Y - a +0 longbow (weapon)
Armour
 c - a +0 leather armour (worn)
 e - a +0 cloak (worn)
Jewellery
 f - a ring of protection from cold (left hand)
 g - a ring of protection from cold (right hand)
Scrolls
 d - a scroll of identify
 i - a scroll of teleportation
Potions
 j - a potion of cancellation
 l - a potion of curing {unknown}
 m - a potion of might {unknown}

Dungeon Overview and Level Annotations

Branches:
Dungeon (7/15)
 Temple: D:4-7

Altars:
Hepliaklqana
Xom

Annotations:
D:4 exclusion: 7 wights
D:6 3 runed translucent doors, qw's ghost, novice GrHu


Message History

You climb upwards.
Level annotation: 3 runed translucent doors, qw's ghost, novice GrHu You feel very sick.
There is a stone staircase leading down here.
4942 ||| INVOKING Spit Poison.
Aiming: Spit Poison (1% risk of failure)
Press: ? - help, Shift-Dir - straight line, f - orc warrior The splash of poison misses the orc warrior.
You feel sick. The orc hits you with a +0 whip.
The orc hits you with a +0 club.
The orc warrior hits you with a +0 war axe!
The orc priest hits you with a +2 dagger of venom.
You are more poisoned.
You shoot an arrow.
The arrow closely misses the orc warrior.
You feel very sick. The orc hits you with a +0 club.
The orc priest barely misses you. The orc hits you with a +0 whip.
The orc warrior hits you with a +0 war axe!
4944 ||| READING 2 scrolls of teleportation.
As you read the scroll of teleportation, it crumbles to dust.
You feel strangely unstable.
You feel sick.
The orc priest hits you with a +2 dagger of venom.
The orc closely misses you. The orc warrior misses you.
The orc closely misses you.
You shoot an arrow.
The arrow closely misses the orc warrior.
You have got your breath back.
You feel sick. The orc hits you but does no damage.
The orc priest barely misses you. The orc warrior barely misses you.
The orc hits you but does no damage.
4946 ||| INVOKING Spit Poison.
Aiming: Spit Poison (1% risk of failure)
Press: ? - help, Shift-Dir - straight line, f/p - orc warrior The splash of poison hits the orc warrior!
The orc warrior is heavily wounded.
You feel sick. The orc hits you with a +0 whip.
The orc priest barely misses you. The orc hits you with a +0 club.
The orc warrior hits you with a +0 war axe!
You die...

...........#.....~~~....##'###
...........#....~~~~.........#
.......!...#....~.~~.........#
...........#......~.P.##)....#
...........#.......#####.....#
..##########.......# #.....#
..'.......##......## #.....#
..#.......########## #.....#
..#............o@o.# #.....#
###.....P..#...o.o.# #.....#
..#.......8#.......# #...?.#
...................# #.....#
..........P........# #.....#
##........##...####### #.....#
T#!.......##...#.....# #######
O#.........<...#.....#
.#........##...#.....#


You could see an orc warrior, an orc priest and 2 orcs.

Vanquished Creatures
  Sigmund (D:2)
  An ice beast (D:6)
  A sky beast (D:6)
  A black bear (D:6)
  3 ogres
  3 phantoms
  A bullfrog (D:6)
  A scorpion (D:4)
  A wight (D:4)
  2 water moccasin skeletons (D:6)
  2 orc priests (D:5)
  6 hounds
  A jelly (D:5)
  A gnoll bouda (D:5)
  Jessica (D:2)
  2 orc wizards (D:6)
  2 iguanas
  A killer bee zombie (D:6)
  12 gnolls
  5 adders
  A white imp (D:5)
  An ufetubus (D:5)
  3 worms
  2 dart slugs (D:1)
  3 orcs
  4 bats
  6 endoplasms
  3 giant cockroaches
  5 goblins
  5 hobgoblins
  3 jackals (D:4)
  7 ball pythons
  A kobold (D:2)
  3 rats
95 creatures vanquished.

Vanquished Creatures (others)
  An orc wizard (D:6)
1 creature vanquished.

Grand Total: 96 creatures vanquished

Notes
Turn   | Place    | Note
-------+----------+-------------------------------------------
     0 | D:1      | qw the Naga Hunter began the quest for the Orb.
     0 | D:1      | Reached XP level 1. HP: 19/19 MP: 1/1
     0 | D:1      | 0 ||| qw: Version: 0.2-a-29-g511e9b1
     0 | D:1      | 0 ||| qw: Game counter: 5714
     0 | D:1      | 0 ||| qw: Always use a shield: true
     0 | D:1      | 0 ||| qw: God list: Okawaru
     0 | D:1      | 0 ||| qw: Allow faded altars: false
     0 | D:1      | 0 ||| qw: Do Orc after D:15 true
     0 | D:1      | 0 ||| qw: Do second Lair branch before Depths: true
     0 | D:1      | 0 ||| qw: Lair rune preference: random
     0 | D:1      | 0 ||| qw: Plans: Normal
     0 | D:1      | 0 ||| PLANNING D:1-11
    29 | D:1      | 29 ||| INVOKING Spit Poison.
    59 | D:1      | 59 ||| INVOKING Spit Poison.
    86 | D:1      | 86 ||| INVOKING Spit Poison.
   146 | D:1      | 146 ||| INVOKING Spit Poison.
   147 | D:1      | Reached skill level 4 in Ranged Weapons
   147 | D:1      | Reached XP level 2. HP: 26/26 MP: 2/2
   177 | D:1      | 177 ||| INVOKING Spit Poison.
   178 | D:1      | 178 ||| INVOKING Spit Poison.
   342 | D:1      | 342 ||| INVOKING Spit Poison.
   343 | D:1      | 343 ||| INVOKING Spit Poison.
   391 | D:1      | 391 ||| INVOKING Spit Poison.
   519 | D:1      | 519 ||| READING scroll labelled MIANOD OMITA.
   520 | D:1      | 520 ||| READING scroll labelled OMPYQU TOSIUV.
   621 | D:1      | 621 ||| DROPPING scroll of butterflies.
   650 | D:2      | 650 ||| INVOKING Spit Poison.
   657 | D:2      | 657 ||| INVOKING Spit Poison.
   680 | D:2      | 680 ||| INVOKING Spit Poison.
   700 | D:2      | 700 ||| INVOKING Spit Poison.
   716 | D:2      | 716 ||| INVOKING Spit Poison.
   717 | D:2      | Reached XP level 3. HP: 32/32 MP: 3/3
   720 | D:2      | 720 ||| INVOKING Spit Poison.
   753 | D:2      | 753 ||| INVOKING Spit Poison.
   851 | D:2      | 851 ||| INVOKING Spit Poison.
   867 | D:2      | Noticed Jessica
   868 | D:2      | 868 ||| INVOKING Spit Poison.
   868 | D:2      | Killed Jessica
   869 | D:2      | Reached skill level 5 in Ranged Weapons
   869 | D:2      | Reached XP level 4. HP: 39/39 MP: 4/4
   995 | D:2      | 995 ||| INVOKING Spit Poison.
  1030 | D:2      | 1030 ||| INVOKING Spit Poison.
  1082 | D:2      | Noticed Sigmund
  1085 | D:2      | 1085 ||| INVOKING Spit Poison.
  1089 | D:2      | 1089 ||| INVOKING Spit Poison.
  1090 | D:2      | Killed Sigmund
  1091 | D:2      | Reached XP level 5. HP: 35/51 MP: 5/5
  1091 | D:2      | Reached XP level 6. HP: 40/58 MP: 6/6
  1197 | D:2      | 1197 ||| READING scroll labelled KOXASO UFOEN.
  1200 | D:2      | 1200 ||| READING 3 scrolls labelled QEZONISYRR.
  1201 | D:2      | 1201 ||| READING 2 scrolls of brand weapon.
  1201 | D:2      | 1201 ||| BRANDING +0 shortbow of freezing.
  1202 | D:2      | 1202 ||| READING scroll of brand weapon.
  1202 | D:2      | 1202 ||| BRANDING +0 shortbow of draining.
  1264 | D:3      | 1264 ||| INVOKING Spit Poison.
  1267 | D:3      | 1267 ||| INVOKING Spit Poison.
  1271 | D:3      | 1271 ||| INVOKING Spit Poison.
  1276 | D:3      | 1276 ||| INVOKING Spit Poison.
  1384 | D:3      | 1384 ||| INVOKING Spit Poison.
  1530 | D:3      | 1530 ||| INVOKING Spit Poison.
  1534 | D:3      | 1534 ||| INVOKING Spit Poison.
  1537 | D:3      | 1537 ||| INVOKING Spit Poison.
  1556 | D:3      | 1556 ||| INVOKING Spit Poison.
  1616 | D:3      | Found a hazy altar of Hepliaklqana.
  1782 | D:3      | 1782 ||| INVOKING Spit Poison.
  1785 | D:3      | 1785 ||| INVOKING Spit Poison.
  1792 | D:3      | 1792 ||| INVOKING Spit Poison.
  1932 | D:3      | 1932 ||| UPGRADING to +0 cloak.
  1937 | D:3      | 1937 ||| UPGRADING to ring of protection from cold.
  1938 | D:3      | 1938 ||| UPGRADING to ring of protection from cold.
  1939 | D:3      | 1939 ||| READING 2 scrolls labelled BEGRIT VUISINE.
  1940 | D:3      | 1940 ||| READING 2 scrolls labelled XORCHU YF COE.
  1941 | D:3      | 1941 ||| DROPPING scroll of vulnerability.
  1962 | D:4      | 1962 ||| INVOKING Spit Poison.
  1965 | D:4      | 1965 ||| INVOKING Spit Poison.
  1968 | D:4      | 1968 ||| INVOKING Spit Poison.
  1972 | D:4      | 1972 ||| STAIRDANCE
  1980 | D:4      | 1980 ||| INVOKING Spit Poison.
  1982 | D:4      | Reached skill level 6 in Ranged Weapons
  1982 | D:4      | Reached XP level 7. HP: 28/66 MP: 7/7
  2139 | D:4      | 2139 ||| INVOKING Spit Poison.
  2145 | D:4      | 2145 ||| INVOKING Spit Poison.
  2152 | D:4      | 2152 ||| INVOKING Spit Poison.
  2154 | D:4      | Reached skill level 7 in Ranged Weapons
  2303 | D:4      | 2303 ||| INVOKING Spit Poison.
  2314 | D:4      | 2314 ||| INVOKING Spit Poison.
  2319 | D:4      | 2319 ||| INVOKING Spit Poison.
  2335 | D:4      | 2335 ||| INVOKING Spit Poison.
  2357 | D:4      | 2357 ||| INVOKING Spit Poison.
  2392 | D:4      | 2392 ||| INVOKING Spit Poison.
  2396 | D:4      | 2396 ||| INVOKING Spit Poison.
  2533 | D:4      | 2533 ||| READING scroll labelled MAL KAPPAPLAUG.
  2538 | D:4      | HP: 11/57 [wight/+3 spear (5)]
  2539 | D:4      | 2539 ||| READING scroll of teleportation.
  2753 | D:4      | 2753 ||| INVOKING Spit Poison.
  2818 | D:4      | Identified the +7 mace of the Nurturing Gods {elec, Fly
                  | rN++ Dex-3}
  2840 | D:4      | 2840 ||| DRINKING 2 bubbling cyan potions.
  2841 | D:4      | 2841 ||| DROPPING potion of attraction.
  2859 | D:5      | Entered Level 5 of the Dungeon
  2874 | D:5      | 2874 ||| INVOKING Spit Poison.
  3094 | D:5      | 3094 ||| INVOKING Spit Poison.
  3102 | D:5      | 3102 ||| INVOKING Spit Poison.
  3124 | D:5      | Reached XP level 8. HP: 50/71 MP: 8/8
  3195 | D:5      | Found a shimmering altar of Xom.
  3255 | D:5      | 3255 ||| INVOKING Spit Poison.
  3263 | D:5      | 3263 ||| Stepping ~*~*~tactically~*~*~ (outnumbered).
  3265 | D:5      | 3265 ||| INVOKING Spit Poison.
  3266 | D:5      | 3266 ||| Stepping ~*~*~tactically~*~*~ (outnumbered).
  3272 | D:5      | 3272 ||| INVOKING Spit Poison.
  3275 | D:5      | 3275 ||| INVOKING Spit Poison.
  3282 | D:5      | Reached skill level 8 in Ranged Weapons
  3282 | D:5      | 3282 ||| INVOKING Spit Poison.
  3287 | D:5      | 3287 ||| INVOKING Spit Poison.
  3306 | D:5      | 3306 ||| INVOKING Spit Poison.
  3309 | D:5      | 3309 ||| INVOKING Spit Poison.
  3316 | D:5      | 3316 ||| INVOKING Spit Poison.
  3442 | D:5      | 3442 ||| INVOKING Spit Poison.
  3446 | D:5      | 3446 ||| INVOKING Spit Poison.
  3452 | D:5      | 3452 ||| INVOKING Spit Poison.
  3470 | D:5      | 3470 ||| INVOKING Spit Poison.
  3519 | D:5      | 3519 ||| INVOKING Spit Poison.
  3522 | D:5      | 3522 ||| INVOKING Spit Poison.
  3594 | D:5      | 3594 ||| INVOKING Spit Poison.
  3597 | D:5      | 3597 ||| INVOKING Spit Poison.
  3602 | D:5      | 3602 ||| INVOKING Spit Poison.
  3900 | D:5      | 3900 ||| DROPPING ring of magical power.
  3901 | D:5      | 3901 ||| DROPPING +6 ring of intelligence.
  3902 | D:5      | 3902 ||| READING scroll labelled HYTIEHIUCO.
  3903 | D:5      | 3903 ||| READING scroll labelled ZULUDI RAECH.
  3904 | D:5      | 3904 ||| READING 2 scrolls of identify.
  3904 | D:5      | 3904 ||| IDENTIFYING emerald potion
  3905 | D:5      | 3905 ||| DROPPING potion of lignification.
  4027 | D:6      | Found a runed translucent gate.
  4027 | D:6      | Found a runed translucent gate.
  4027 | D:6      | Found a runed translucent gate.
  4027 | D:6      | Noticed qw's ghost (novice GrHu)
  4029 | D:6      | Noticed a troll
  4135 | D:6      | 4135 ||| INVOKING Spit Poison.
  4141 | D:6      | Reached skill level 9 in Ranged Weapons
  4154 | D:6      | 4154 ||| INVOKING Spit Poison.
  4157 | D:6      | Reached skill level 1 in Armour
  4178 | D:6      | 4178 ||| INVOKING Spit Poison.
  4414 | D:6      | 4414 ||| UPGRADING to +0 longbow.
  4415 | D:6      | 4415 ||| DROPPING +0 shortbow of flaming.
  4580 | D:6      | Reached skill level 6 in Fighting
  4613 | D:6      | Reached XP level 9. HP: 82/82 MP: 9/9
  4665 | D:6      | 4665 ||| Stepping ~*~*~tactically~*~*~ (outnumbered).
  4667 | D:6      | 4667 ||| INVOKING Spit Poison.
  4673 | D:6      | 4673 ||| INVOKING Spit Poison.
  4677 | D:6      | 4677 ||| INVOKING Spit Poison.
  4795 | D:6      | 4795 ||| DROPPING amulet of magic regeneration.
  4796 | D:6      | 4796 ||| READING scroll labelled DEDOIR COZ FOM.
  4797 | D:6      | 4797 ||| READING scroll labelled YGOYBB USKAWETU.
  4798 | D:6      | 4798 ||| READING 2 scrolls of identify.
  4798 | D:6      | 4798 ||| IDENTIFYING murky dark potion
  4822 | D:7      | 4822 ||| INVOKING Spit Poison.
  4825 | D:7      | 4825 ||| STAIRDANCE
  4828 | D:6      | 4828 ||| INVOKING Spit Poison.
  4940 | D:7      | 4940 ||| STAIRDANCE
  4942 | D:6      | 4942 ||| INVOKING Spit Poison.
  4943 | D:6      | HP: 18/82 [orc warrior/+0 war axe (12)]
  4944 | D:6      | 4944 ||| READING 2 scrolls of teleportation.
  4946 | D:6      | 4946 ||| INVOKING Spit Poison.
  4946 | D:6      | HP: 6/82 [orc/+0 whip (4)]
  4946 | D:6      | Slain by an orc warrior

Levels and vault maps discovered:
D:1:      mainiacjoe_arrival_reflecting_pool, layout_rooms,
          kennysheep_crisscross
D:2:      layout_basic, dk_noncrumbling_3, corexii_leaking_fountain,
          kennysheep_generic_room_12, uniq_jessica, uniq_sigmund
D:3:      layout_rooms, worldfamousw_hep_ancestral_shrine,
          minmay_misc_feat_columns, minmay_bisected
D:4:      layout_loops_cross
D:5:      layout_basic, dk_xom_monty_hall, serial_rivers,
          chequers_serial_rivers_micro_b, chequers_serial_rivers_large_b,
          chequers_serial_rivers_room_b, chequers_serial_rivers_large_a,
          chequers_serial_rivers_micro_b
D:6:      layout_gridville, gammafunk_ghost_split, serial_undead,
          serial_undead_e, serial_undead_e, serial_undead_d, serial_undead_a,
          serial_undead_f, serial_undead_b
D:7:      layout_rooms, minmay_temple_entry_butterflies,
          hangedman_decor_peaks_small, uniq_prince_ribbit1

Skill      XL: |  1  2  3  4  5  6  7  8 |
---------------+-------------------------+-----
Ranged Weapons | 4 5 6 7 9 |  9.4
Fighting       | 4 6 |  6.1
Dodging        | 2 |  2.9
Armour         | 1 |  1.2
Stealth        | |  1.5

Action                     |  1- 3 |  4- 6 |  7- 9 || total
---------------------------+-------+-------+-------++-------
   Fire: Shortbow          |    42 |    66 |   170 ||   278
         Longbow           |       |       |    25 ||    25
Ability: Spit Poison       |    16 |    20 |    42 ||    78
    Use: Scroll            |     2 |     6 |     9 ||    17
         Potion            |       |       |     1 ||     1
 Armour: Leather armour    |     2 |     7 |    31 ||    40
  Dodge: Dodged            |     7 |    16 |    63 ||    86

Table legend:
 A = Non-vault XP
 B = Vault XP
 C = Vault XP percentage of total XP
 D = Non-vault monster count
 E = Vault monster count
 F = Vault count percentage of total count
                 A         B        C        D         E       F
            +---------+---------+-------+---------+---------+-------
      Total |    2119 |     592 |  21.8 |      86 |      10 |  10.4
            +---------+---------+-------+---------+---------+-------
        D:1 |      26 |       0 |   0.0 |      13 |       0 |   0.0
        D:2 |      30 |     282 |  90.4 |       9 |       3 |  25.0
        D:3 |     183 |       4 |   2.1 |      18 |       2 |  10.0
        D:4 |     501 |       0 |   0.0 |      17 |       0 |   0.0
        D:5 |     618 |      42 |   6.4 |      19 |       1 |   5.0
        D:6 |     761 |     264 |  25.8 |      10 |       4 |  28.6
            +---------+---------+-------+---------+---------+-------
